AoeStats
← Leinad

Arabia

510155968Analyzed
4v4 RM · 1d ago on Sep 29, 2026· 35m 11s· 8 players
Game mode
Random Map
Map size
Large (8 player)
Population
200
Speed
Normal
Resources
Standard
Victory
Conquest
Starting age
Dark Age
Ending age
Imperial Age
RankedLock teamsTeams togetherTeam positionsShared explorationLock speedFull tech treeHidden civsTurbo modeCheats
Victory
Defeat
🇨🇿 Ethiopians · Czechia
1176
+17
🇨🇿 Malians · Czechia
1171
+18
🇨🇿 Magyars · Czechia
1157
+18
🇨🇿 Franks · Czechia
1154
+18
🇦🇷 Vikings · Argentina
1239
-18
🇸🇪 Khitans · Sweden
1224
-19
🇫🇷 Tupi · France
1187
-17
🇵🇹 Franks · Portugal
1178
-17
Zé Gui
8:55 Loom
10:45 Feudal Age
15:15 Castle Age
20:32 Scale Barding Armor
22:11 Forging
22:35 Husbandry
24:43 Chain Barding Armor
27:18 Iron Casting
The Outpost Man
5:03 Loom
12:51 Feudal Age
13:12 Domestication
14:06 Double-Bit Axe
19:14 Castle Age
17:20 Gold Mining
22:19 Wheelbarrow
23:28 Bow Saw
23:24 Fletching
23:35 Padded Archer Armor
25:36 Bodkin Arrow
26:47 Leather Archer Armor
27:13 Husbandry
28:19 Stone Mining
BúffaloTincho
8:56 Loom
10:52 Feudal Age
12:30 Double-Bit Axe
16:47 Castle Age
16:45 Fletching
25:09 Stone Mining
28:31 Town Watch
29:07 Scale Mail Armor
29:10 Gold Mining
28:59 Elite Skirmisher
30:13 Scale Barding Armor
Mirshal
2:09 Loom
2:47 Loom
11:28 Feudal Age
12:51 Double-Bit Axe
12:57 Gold Mining
22:27 Horse Collar
27:19 Castle Age
32:31 Fletching
33:18 Padded Archer Armor
xrixcis
6:59 Loom
9:11 Feudal Age
14:34 Horse Collar
14:54 Double-Bit Axe
21:59 Castle Age
23:03 Bow Saw
22:59 Scale Barding Armor
23:08 Bloodlines
23:11 Heavy Plow
24:04 Chain Barding Armor
28:42 Husbandry
Leinad
7:08 Loom
10:06 Feudal Age
10:43 Double-Bit Axe
15:30 Fletching
22:08 Castle Age
19:59 Horse Collar
20:49 Gold Mining
22:48 Bodkin Arrow
22:14 Crossbowman
23:34 Wheelbarrow
23:28 Bow Saw
23:19 Heavy Plow
24:40 Ballistics
27:22 Thumb Ring
34:53 Padded Archer Armor
čuňas
6:32 Loom
9:09 Feudal Age
11:09 Double-Bit Axe
13:32 Fletching
22:12 Castle Age
21:16 Padded Archer Armor
22:48 Bodkin Arrow
22:17 Crossbowman
24:19 Ballistics
25:48 Leather Archer Armor
27:26 Bow Saw
32:19 Wheelbarrow
31:30 Town Watch
35:37 Imperial Age
33:29 Thumb Ring
34:09 Hand Cart
exd
6:50 Loom
9:53 Feudal Age
10:49 Double-Bit Axe
19:30 Scale Barding Armor
22:08 Castle Age
22:10 Gold Mining
23:11 Chain Barding Armor
27:26 Forging
Connection lost

Rejoining the realm…

Still unreachable

The connection could not be restored.

Session expired

The server has moved on; the page needs a fresh start.